Map: Simulacrum LE

Players

AGOElazer (Elazer)

  • Race: Zerg Zerg
  • League: Master
  • Spawn Location: 11:00

Serral - Winner!

  • Race: Zerg Zerg
  • League: Grandmaster
  • Spawn Location: 5:00

Event: Shopify TSL 5

VOD

Have the link to the VOD?

Description

Time

  • Played on: May 17, 2020, 1:56 p.m.
  • Length: 4:26

All games in this series

Show
View Real Time Build Order
Export as new Build Order

AGOElazer Zerg 

Build Orders: 3 Hatch before Pool 

Get SALT Encoding   

  12  0:00  Drone  
  13  0:12  Overlord  
  13  0:16  Drone  
  14  0:30  Drone x2  
  14  0:34  Drone  
  17  0:51  Hatchery  
  17  0:54  Drone  
  17  0:57  Drone  
  18  1:06  Drone  
  19  1:21  Hatchery  
  19  1:22  Drone  
  19  1:24  Extractor  
  18  1:36  Spawning Pool  
  17  1:40  Drone  
  17  1:43  Drone  
  19  1:49  Drone  
  20  2:00  Drone  
  21  2:04  Drone  
  22  2:11  Drone  
  22  2:14  Drone  
  24  2:23  Queen x2  
  24  2:26  Metabolic Boost  
  24  2:29  Overlord  
  28  2:33  Zergling x2  
  28  2:34  Zergling x2  
  30  2:38  Drone  
  30  2:41  Drone  
  32  2:44  Zergling x2  
  32  2:46  Drone  
  34  2:53  Baneling Nest  
  34  2:54  Drone x2  
  34  3:05  Queen  
  34  3:08  Overlord  
  34  3:09  Drone  
  34  3:10  Drone  
  39  3:12  Drone  
  39  3:18  Drone x2  
  39  3:19  Drone  
  42  3:27  Overlord  
  42  3:28  Drone x2  
  42  3:31  Drone  
  42  3:32  Drone  
  46  3:37  Drone x3  
  46  3:41  Drone x2, Baneling  
  48  3:46  Drone x3  
  53  3:53  Zergling x2  
  53  3:55  Zergling x2  
  55  3:58  Zergling x2  
  55  4:00  Zergling x2  
  55  4:01  Zergling x2  
Show
View Real Time Build Order
Export as new Build Order

Serral Zerg - Winner!

Build Orders: Hatch First 

Get SALT Encoding   

  12  0:00  Drone  
  13  0:12  Overlord  
  13  0:17  Drone  
  14  0:30  Drone x2  
  16  0:48  Hatchery  
  15  0:51  Drone  
  15  0:54  Drone  
  17  0:58  Drone  
  18  1:08  Extractor  
  17  1:13  Spawning Pool  
  17  1:16  Drone  
  17  1:20  Drone  
  18  1:27  Drone  
  19  1:39  Drone  
  20  1:56  Overlord  
  20  2:00  Queen x2  
  20  2:01  Zergling x4  
  26  2:09  Metabolic Boost  
  26  2:10  Drone  
  26  2:11  Drone  
  28  2:21  Drone x2  
  30  2:35  Hatchery  
  29  2:39  Drone  
  29  2:41  Drone  
  29  2:44  Drone  
  32  2:48  Overlord  
  32  2:56  Baneling Nest  
  32  2:57  Drone  
  32  2:58  Drone  
  32  3:09  Zergling x8  
  36  3:13  Zergling x4  
  36  3:14  Zergling x2  
  36  3:17  Zergling x2  
  40  3:22  Overlord  
  40  3:28  Zergling x4  
  40  3:32  Zergling x2  
  43  3:41  Zergling x12  
  49  3:49  Baneling x2  
  49  3:50  Zergling x4  
  51  3:56  Drone  
  51  3:57  Roach Warren  
  51  3:59  Drone  
  51  4:02  Drone  
  53  4:05  Baneling x2  
  53  4:06  Drone  
  53  4:08  Drone  
  54  4:10  Drone  
Tags
 
Add a new tag
Caveats
  • Supply blocks, unpowered buildings, or Contaminate may cause inaccurate times.
  • Supply counts are checked every 10 seconds.